 Dungeon Crawl Stone Soup version 0.30-b1-2-g02819fbbbe (webtiles) character file.

Game seed: 14807238489465090452

419858 manyhoops the Scorcher (level 21, -25/185 (189) HPs)
             Began as a Demigod Fire Elementalist on Nov 8, 2023.
             Killed from afar by a quicksilver dragon (46 damage)
             ... with a bolt of dispelling energy
             ... on level 5 of the Vaults.
             The game lasted 02:38:47 (63619 turns).

manyhoops the Scorcher (Demigod Fire Elementalist) Turns: 63619, Time: 02:38:53

HP:   -25/185 (189) AC: 12    Str:  7      XL:     21   Next: 37%
MP:   51/67         EV: 22    Int: 60      God:
Gold: 994           SH:  5    Dex: 16 (17) Spells: 9/55 levels left

rFire   + + +        V - staff of fire "Ityumus" {rElec rF+ SInv}
rCold   + . .        Z - +0 buckler {rPois}
rNeg    + . .        A - +2 robe "Ygior" {rElec rF+ Int+4 Dex-2}
rPois   +            k - +3 hat of Pondering {ponderous, Will+ MP+10 Int+5}
rElec   +            P - scarf {rC+ rF+}
rCorr   .            O - +1 pair of gloves
SInv    +            w - +2 pair of boots
Will    +++..        R - amulet of magic regeneration
Stlth   ++++         L - ring "Jomaytz" {Fire Int+5 Slay+5 SInv}
HPRegen 0.50/turn    Y - ring "Secen" {Ice rElec rN+ MP+9 Int-2 Dex+2}
MPRegen 0.80/turn

%: clarity
@: studying Translocations, lightly drained, slow
A: high MP 1, forlorn, divine attributes, agile 1, clarity, clever 1,
deterioration 1, no potion heal 1
}: 3/15 runes: barnacled, slimy, gossamer
a: no special abilities


You were on level 5 of the Vaults.
You visited 9 branches of the dungeon, and saw 44 of its levels.
You visited 2 bazaars.
You also visited: Sewer, Ice Cave and Wizlab.

You collected 5585 gold pieces.
You spent 4591 gold pieces at shops.

Inventory:

Hand Weapons
 x - the +10 flail "Beetle's Demise" {protect, rC+ Str+3 Dex+2}
   (You found it on level 2 of the Elven Halls)

   Str:       It affects your strength (+3).
   Dex:       It affects your dexterity (+2).
   rC:        It protects you from cold.
Missiles
 u - 11 throwing nets
Armour
 k - the +3 hat of Pondering (worn) {ponderous, Will+ MP+10 Int+5}
   (You bought it in a shop in a bazaar)

   Int:       It affects your intelligence (+5).
   MP:        It affects your magic capacity (+10).
   Will:      It increases your willpower.
 w - a +2 pair of boots (worn)
 z - a +2 cloak of willpower
 A - the +2 robe "Ygior" (worn) {rElec rF+ Int+4 Dex-2}
   (You found it in an ice cave)

   Int:       It affects your intelligence (+4).
   Dex:       It affects your dexterity (-2).
   rF:        It protects you from fire.
   rElec:     It insulates you from electricity.
 D - the +1 ice dragon scales of Xohos {rF- rC++ Will- Int+8 SInv}
   (You found it in an ice cave)

   Int:       It affects your intelligence (+8).
   rF:        It makes you vulnerable to fire.
   rC:        It greatly protects you from cold.
   SInv:      It lets you see invisible.
   Will:      It decreases your willpower.
 O - a +1 pair of gloves (worn)
 P - a scarf of resistance (worn)
 Z - a +0 buckler of poison resistance (worn)
Magical Staves
 V - the staff of fire "Ityumus" (weapon) {rElec rF+ SInv}
   (You acquired it on level 15 of the Dungeon)

   [staff of fire]

   Base accuracy: +5 Base damage: 5 Base attack delay: 1.2 This weapon's minimum
   attack delay (0.6) is reached at skill level 12.
   rF:        It protects you from fire.
   rElec:     It insulates you from electricity.
   SInv:      It lets you see invisible.
   It falls into the 'Staves' category.
   It is a one-handed weapon.
Jewellery
 j - a ring of flight
 B - the ring "Mokunuih" {rC+ rCorr}
   (You found it on level 3 of the Spider Nest)

   [ring of resist corrosion]

   rC:        It protects you from cold.
   rCorr:     It protects you from acid and corrosion.
 H - a ring of magical power
 L - the ring "Jomaytz" (left hand) {Fire Int+5 Slay+5 SInv}
   (You bought it in a shop on level 15 of the Dungeon)

   [ring of fire]

   It enhances your fire magic.
   Int:       It affects your intelligence (+5).
   Slay:      It affects your accuracy & damage with ranged weapons and melee
   (+5).
   rF:        It protects you from fire.
   rC:        It makes you vulnerable to cold.
   SInv:      It lets you see invisible.
 R - an amulet of magic regeneration (around neck)
 U - a ring of willpower
 Y - the ring "Secen" (right hand) {Ice rElec rN+ MP+9 Int-2 Dex+2}
   (You found it in an ice cave)

   [ring of ice]

   It enhances your ice magic.
   Int:       It affects your intelligence (-2).
   Dex:       It affects your dexterity (+2).
   rF:        It makes you vulnerable to fire.
   rC:        It protects you from cold.
   rElec:     It insulates you from electricity.
   rN:        It protects you from negative energy.
   MP:        It affects your magic capacity (+9).
Wands
 a - a wand of digging (2)
 c - a wand of polymorph (25)
 l - a wand of roots (52)
 r - a wand of mindburst (17)
 y - a wand of paralysis (39)
 J - a wand of quicksilver (15)
Scrolls
 d - 4 scrolls of fear
 f - 10 scrolls of immolation
 g - 8 scrolls of vulnerability
 h - a scroll of blinking
 m - 14 scrolls of fog
 n - 16 scrolls of teleportation
 s - 5 scrolls of enchant armour
 t - 7 scrolls of poison
 v - 2 scrolls of magic mapping
 C - 5 scrolls of amnesia
 I - 5 scrolls of summoning
 Q - a scroll of silence
 S - 5 scrolls of noise
Potions
 b - 8 potions of magic
 e - 5 potions of mutation
 i - 2 potions of cancellation
 o - 11 potions of haste
 p - 5 potions of resistance
 q - 7 potions of brilliance
 E - 14 potions of curing
 F - 18 potions of ambrosia
 G - 11 potions of might
 K - 5 potions of heal wounds
 M - 5 potions of flight
 T - 3 potions of invisibility
 W - 4 potions of lignification
Miscellaneous
 N - a phantom mirror
 X - a phial of floods


   Skills:
 - Level 16.6 Fighting
 - Level 18.7 Dodging
 + Level 10.0 Stealth
 - Level 5.0 Shields
 - Level 17.5 Spellcasting
 - Level 8.8 Conjurations
 - Level 20.2 Fire Magic
 - Level 5.1 Evocations


You had 9 spell levels left.
You knew the following spells:

 Your Spells              Type           Power      Damage    Failure   Level
a - Starburst             Conj/Fire      87%        6d22      1%          6
b - Scorch                Fire           100%       2d9       0%          2
c - Flame Wave            Conj/Fire      100%       2d21      0%          4
d - Sticky Flame          Conj/Fire      100%       2d11      0%          4
f - Swiftness             Air            51%        N/A       1%          3
g - Ignition              Fire           95%        3d24      1%          8
h - Passwall              Tmut/Erth      42%        N/A       1%          2
i - Stone Arrow           Conj/Erth      100%       3d13      1%          3
j - Fireball              Conj/Fire      87%        3d32      1%          5
k - Plasma Beam           Fire/Air       78%        2x1d105   1%          6
l - Frozen Ramparts       Ice            100%       1d16      1%          3

Your spell library contained the following spells:

 Spells                   Type           Power      Damage    Failure   Level
 Foxfire                  Conj/Fire      100%       2x1d9     0%          1
 Magic Dart               Conj           100%       1d8       0%          1
 Searing Ray              Conj           100%       2d8       0%          2
 Inner Flame              Hex/Fire       100%       N/A       0%          3
 Volatile Blastmotes      Fire/Tloc      100%       2d18      0%          3
 Apportation              Tloc           100%       N/A       1%          1
 Freeze                   Ice            100%       1d10      1%          1
 Kiss of Death            Conj/Necr      100%       2d13      1%          1
 Necrotise                Necr           100%       1d9       1%          1
 Sandblast                Erth           100%       2d20      1%          1
 Shock                    Conj/Air       100%       1d9       1%          1
 Slow                     Hex            100%       N/A       1%          1
 Summon Small Mammal      Summ           100%       N/A       1%          1
 Ensorcelled Hibernation  Hex/Ice        100%       N/A       1%          2
 Lesser Beckoning         Tloc           100%       N/A       1%          2
 Momentum Strike          Conj/Tloc      100%       3d10      1%          2
 Poisonous Vapours        Pois/Air       100%       N/A       1%          2
 Call Canine Familiar     Summ           51%        N/A       1%          3
 Confusing Touch          Hex            51%        N/A       1%          3
 Gell's Gravitas          Tloc           51%        N/A       1%          3
 Hailstorm                Conj/Ice       100%       3d20      1%          3
 Ignite Poison            Fire/Tmut/Pois 100%       N/A       1%          3
 Mephitic Cloud           Conj/Pois/Air  73%        N/A       1%          3
 Portal Projectile        Hex/Tloc       100%       N/A       1%          3
 Spider Form              Tmut/Pois      51%        N/A       1%          3
 Summon Guardian Golem    Hex/Summ       51%        N/A       1%          3
 Teleport Other           Tloc           51%        N/A       1%          3
 Tukima's Dance           Hex            51%        N/A       1%          3
 Vampiric Draining        Necr           51%        2d9       1%          3
 Fulminant Prism          Conj/Hex       41%        3d19      1%          4
 Iskenderun's Mystic Bla  Conj/Tloc      82%        2d16      1%          4
 Airstrike                Air            25%        2d(4-20)  3%          4
 Anguish                  Hex/Necr       25%        N/A       3%          4
 Animate Dead             Necr           51%        N/A       3%          4
 Cause Fear               Hex            25%        N/A       3%          4
 Dispel Undead            Necr           51%        3d19      3%          4
 Leda's Liquefaction      Hex/Erth       25%        N/A       3%          4
 Olgreb's Toxic Radiance  Pois           51%        N/A       3%          4
 Agony                    Necr           51%        N/A       9%          5
 Alistair's Intoxication  Tmut/Pois      34%        N/A       9%          5
 Blade Hands              Tmut           25%        N/A       9%          5
 Lee's Rapid Deconstruct  Erth           25%        3d14*     9%          5
 Silence                  Hex/Air        25%        N/A       9%          5
 Summon Forest            Summ/Tloc      25%        N/A       9%          5
 Yara's Violent Unravell  Hex/Tmut       25%        3d11      9%          5
 Death Channel            Necr           25%        N/A       43%         6
 Dispersal                Tloc           25%        N/A       43%         6
 Eringya's Noxious Bog    Tmut/Pois      25%        N/A       43%         6
 Simulacrum               Ice/Necr       34%        N/A       43%         6
 Statue Form              Tmut/Erth      34%        N/A       43%         6
 Enfeeble                 Hex            25%        N/A       95%         7
 Haunt                    Necr/Summ      25%        N/A       95%         7
 Summon Hydra             Summ           25%        N/A       95%         7
 Discord                  Hex            25%        N/A       100%        8
 Infestation              Necr           25%        N/A       100%        8
 Polar Vortex             Ice            34%        N/A       100%        9


Dungeon Overview and Level Annotations

Branches:
Dungeon (15/15)            Temple (0/1) D:7            Lair (5/5) D:8
 Shoals (4/4) Lair:3       Spider (4/4) Lair:3        Slime (5/5) Lair:5
    Orc (2/2) D:9             Elf (3/3) Orc:2        Vaults (5/5) D:14
  Crypt (0/3) Vaults:3     Depths (1/4) D:15          Sewer (visited)
  IceCv (visited)          WizLab (visited)

Shops:
D:8 *   D:15 ??*   Orc:2 ==:?=   Elf:1 (   Elf:3 =   Shoals:2 [   Vaults:1 (

Annotations:
Spider:4 2 transporters, Dazed's ghost, adept MiBe
Elf:2 3 runed translucent doors


Innate Abilities, Weirdness & Mutations

You have an increased reservoir of magic. (+10% MP)
You shall have no god before yourself.
Your divine heritage dramatically boosts your attributes as you level up.
You are agile. (Dex +4, Str/Int -1)
You possess an exceptional clarity of mind.
Your mind is acute. (Int +4, Str/Dex -1)
Your body sometimes deteriorates upon taking damage.
Potions are less effective at restoring your health.


Message History

Confirm with . or Enter, or press ? or * to list all spells.
Aiming: Stone Arrow (safe; 1% risk of failure)
Press: ? - help, Shift-Dir - straight line, f/p - vault warden
Aim: a vault warden, wielding a +0 battleaxe and wearing a +0 chain mail (heavily wounded, 75% to hit)
The stone arrow hits the vault warden!
The vault warden is severely wounded.
The vault warden hits you with a +0 battleaxe!!
* * * LOW HITPOINT WARNING * * *
You hear two shouts!
You hear a deafening roar! x2; You hear a shout!
Casting: Stone Arrow (safe; 1% risk of failure)
Confirm with . or Enter, or press ? or * to list all spells.
Casting: Plasma Beam (mildly dangerous; 1% risk of failure)
Press: ? - help, Dir - look around, f - activate You feel a strong surge of power!
The bolt of lightning hits the vault warden!!!
You kill the vault warden!
You hear a shout! x2
An ettin comes into view.
It is wielding a +0 dire flail and a +0 great mace.
Your Stealth skill increases to level 10!
Casting: Plasma Beam (mildly dangerous; 1% risk of failure)
Confirm with . or Enter, or press ? or * to list all spells.
Casting: Plasma Beam (mildly dangerous; 1% risk of failure)
Press: ? - help, Dir - look around, f - activate You feel a strong surge of power!
The bolt of lightning hits the ettin!!!
The ettin is almost dead.
The fiery plasma hits the ettin!!
You kill the ettin!
Unknown command.
You are confused.
Your system partially rejects the healing.
You feel invigorated.
A quicksilver dragon comes into view.
Your system partially rejects the healing.
You feel better.
You feel less invigorated.
The quicksilver dragon breathes dispelling energy at you.
The bolt of dispelling energy hits you!!
* * * LOW HITPOINT WARNING * * *
The quicksilver dragon breathes dispelling energy at you.
The bolt of dispelling energy hits you!!!
You die...

### #D.#
#p. #.)
#.# ##.#
####.#
##:.D##
#?.).@#
#.?..D#
#).$.()
##/./###
#####


You could see 2 quicksilver dragons.

Vanquished Creatures
  the Royal Jelly (Slime:5)
  Dissolution (Slime:3)
  An ancient lich (WizLab)
  Margery (Vaults:4)
  A golden dragon (Vaults:5)
  Arachne (Spider:2)
  2 tentacled monstrosities
  Asterion (Spider:4)
  Mlioglotl (Spider:1)
  A titan (Shoals:4)
  A deep elf master archer (Elf:3)
  21 acid blobs
  An ancient champion (WizLab)
  Frances (Spider:2)
  Agnes (Spider:1)
  4 sphinxes
  A tengu reaver (Vaults:4)
  Kirke (Shoals:1)
  12 rockslimes
  10 azure jellies
  A shadow dragon (Vaults:5)
  A fire giant (Vaults:4)
  The ghost of AyAyRon the Bludgeoner, an adept DsFi of Yredelemnul (D:15)
  2 frost giants
  An emperor scorpion (Spider:3)
  7 deep elf sorcerers (Elf:3)
  12 vault wardens
  5 ghost moths
  Aizul (Elf:3)
  A ghoul (Vaults:3)
  11 quicksilver oozes
  4 deep elf elementalists (Elf:3)
  A broodmother (Spider:3)
  8 very ugly things (Vaults:3)
  A curse skull (Vaults:3)
  2 stone giants
  An orc warlord (D:9)
  17 ironbound preservers
  Nessos (D:15)
  6 ironbound thunderhulks
  8 deep elf demonologists
  14 dire elephants
  7 deep elf annihilators
  5 spark wasps (Spider:4)
  8 merfolk javelineers
  Josephine (Orc:2)
  2 ettins
  11 merfolk impalers
  5 deep elf death magi (Elf:3)
  2 deep elf high priests (Elf:3)
  5 yaktaur captains
  3 entropy weavers
  13 great orbs of eyes
  27 vault guards
  8 hydras
  10 centaur warriors
  A spectral shadow dragon (D:15)
  Erica (D:9)
  Erolcha (Orc:1)
  2 catoblepae (Shoals:2)
  3 radroaches
  6 boulder beetles
  6 merfolk aquamancers
  3 merfolk avatars
  A death knight (D:14)
  4 jorogumos
  14 death yaks
  5 ironbound frosthearts
  A spectral frost giant (D:15)
  10 dancing weapons
  An orc high priest (Elf:3)
  2 tengu warriors
  A vampire mage (Vaults:3)
  Urug (Lair:4)
  7 deep elf knights
  3 hell knights
  8 sun demons
  10 skeletal warriors (WizLab)
  A sun moth (Spider:3)
  4 skysharks
  A flayed ghost (Vaults:5)
  2 fire crabs (Lair:4)
  6 pharaoh ants
  10 sea snakes
  A glowing orange brain (Slime:2)
  8 orb spiders
  A glowing orange brain (shapeshifter) (Vaults:3)
  51 deep trolls
  4 deep elf archers
  3 wizards
  3 necromancers
  8 orc knights
  4 orange crystal statues
  16 deep elf pyromancers
  2 phantasmal warriors (D:14)
  3 harpies (Lair:3)
  7 steelbarb worms
  15 ironbound convokers
  27 lindwurms
  22 deep elf zephyrmancers
  27 wolf spiders
  12 cyclopes
  9 shining eyes
  3 orc sorcerers
  10 ugly things
  5 fauns (Shoals:2)
  2 moths of wrath (shapeshifter)
  A frost giant zombie (D:15)
  17 elephants
  11 manticores
  A salamander (Depths:1)
  Maurice (D:8)
  8 merfolk sirens
  6 torpor snails
  4 black mambas
  5 moths of wrath
  13 vault sentinels
  4 eyes of devastation
  7 water nymphs
  6 demonic crawlers
  A gargoyle (D:11)
  11 cane toads
  An unseen horror (D:12)
  A rime drake (shapeshifter) (Vaults:5)
  Psyche (D:8)
  25 yaktaurs
  4 freezing wraiths
  6 rime drakes
  3 kobold demonologists
  A tengu conjurer (D:14)
  11 komodo dragons
  A yaktaur (shapeshifter) (D:15)
  9 trolls
  A spectral human (D:15)
  32 merfolk
  A queen bee (D:13)
  A spectral glowing shapeshifter (D:15)
  5 meliai
  A tengu simulacrum (D:15)
  18 wind drakes
  4 hornets (Lair:5)
  18 tarantellas
  8 polar bears
  17 blink frogs
  10 dream sheep
  A stone giant simulacrum (D:15)
  Prince Ribbit (D:7)
  7 snapping turtles
  An ettin zombie (D:15)
  124 slime creatures
  15 spriggans (Lair:5)
  5 wraiths (Orc:2)
  4 air elementals (Shoals:4)
  21 culicivoras
  19 water elementals
  28 jumping spiders
  22 yaks
  7 wyverns
  5 vampires
  6 hogs (Shoals:1)
  4 golden eyes (Slime:4)
  9 basilisks
  3 fire elementals
  2 steam dragons (Shoals:3)
  34 redbacks
  A neqoxec (D:13)
  Menkaure (D:7)
  9 wargs
  2 two-headed ogre zombies (WizLab)
  2 acid dragons
  21 water moccasins
  A floating eye (shapeshifter) (Vaults:5)
  Duvessa (D:5)
  3 ice beasts
  40 orc warriors
  An ettin simulacrum (D:15)
  5 great orb of eyes simulacra (IceCv)
  2 sky beasts (D:7)
  6 black bears
  5 ogres
  8 boggarts
  25 wolves
  5 centaurs
  A phantom (D:6)
  4 slime creature simulacra (IceCv)
  3 kobold brigands
  15 bullfrogs
  7 glowing shapeshifter simulacra (IceCv)
  2 gnoll sergeants
  6 scorpions
  2 earth elementals
  16 wights
  Dowan (D:5)
  7 troll zombies (WizLab)
  40 killer bees
  5 howler monkeys
  6 electric eels
  2 jellies
  5 hounds
  A gnoll bouda (D:4)
  17 orc priests
  6 iguanas
  28 orc wizards
  6 ogre zombies (WizLab)
  8 adders
  17 gnolls
  A white imp (D:6)
  An ufetubus (D:6)
  8 worms
  3 dart slugs
  84 orcs
  6 bats
  13 endoplasms
  2 giant cockroaches
  12 goblins
  10 hobgoblins
  5 jackals
  4 quokkas
  2 ball pythons
  4 frilled lizards
  15 kobolds
  3 rats
  2 bushes (D:5)
1746 creatures vanquished.

Vanquished Creatures (collateral kills)
  A quicksilver ooze (IceCv)
  A black mamba (Lair:4)
  A rime drake (Lair:4)
  A culicivora (Spider:3)
  A basilisk (Lair:4)
  A water moccasin (Lair:4)
  A black bear (Lair:4)
  5 foxfires
12 creatures vanquished.

Vanquished Creatures (others)
  A phantasmal warrior (Vaults:5)
  A human (Shoals:1)
  An orc (D:8)
  A bush (Lair:3)
  831 foxfires
  47 fungi
  157 plants
1039 creatures vanquished.

Grand Total: 2797 creatures vanquished

Notes
Turn   | Place    | Note
-------+----------+-------------------------------------------
     0 | D:1      | manyhoops the Demigod Fire Elementalist began the quest for
                  | the Orb.
     0 | D:1      | Reached XP level 1. HP: 14/14 MP: 5/5
   165 | D:1      | Reached skill level 1 in Conjurations
   265 | D:1      | Reached skill level 3 in Fire Magic
   582 | D:1      | Reached XP level 2. HP: 20/20 MP: 2/7
   998 | D:1      | Learned a level 2 spell: Scorch
  1543 | D:2      | Reached XP level 3. HP: 26/26 MP: 3/8
  2544 | D:3      | Reached skill level 4 in Fire Magic
  2544 | D:3      | Reached XP level 4. HP: 33/33 MP: 7/9
  2702 | D:3      | Identified the +0 ring mail of Uthrusuint {Harm}
  2897 | D:3      | Found a glowing drain.
  2927 | Sewer    | Entered a sewer
  3027 | Sewer    | Noticed a water moccasin
  3036 | Sewer    | Killed a water moccasin
  3037 | Sewer    | Reached XP level 5. HP: 13/38 MP: 1/10
  3640 | D:3      | Reached skill level 5 in Fire Magic
  4636 | D:4      | Reached XP level 6. HP: 42/45 MP: 6/11
  5349 | D:4      | Learned a level 4 spell: Flame Wave
  5673 | D:5      | Entered Level 5 of the Dungeon
  5719 | D:5      | Reached skill level 6 in Fire Magic
  5844 | D:5      | Reached XP level 7. HP: 50/50 MP: 4/12
  6345 | D:5      | Noticed Dowan
  6351 | D:5      | Killed Dowan
  6356 | D:5      | Noticed Duvessa
  6454 | D:5      | Killed Duvessa
  6455 | D:5      | Reached skill level 7 in Fire Magic
  6975 | D:5      | Learned a level 4 spell: Sticky Flame
  7304 | D:6      | Reached XP level 8. HP: 57/57 MP: 10/16
  7422 | D:6      | Identified the +1 quarterstaff of Butchery {freeze, rC+}
  7619 | D:6      | Reached skill level 5 in Spellcasting
  7697 | D:6      | Learned a level 3 spell: Inner Flame
  8390 | D:7      | Noticed Menkaure
  8397 | D:7      | Killed Menkaure
  8398 | D:7      | Reached skill level 5 in Conjurations
  8616 | D:7      | Noticed Prince Ribbit
  8619 | D:7      | Killed Prince Ribbit
  8620 | D:7      | Reached skill level 8 in Fire Magic
  8843 | D:7      | Found a staircase to the Ecumenical Temple.
  9516 | D:7      | Reached XP level 9. HP: 62/62 MP: 14/20
 10062 | D:8      | Noticed Maurice
 10075 | D:7      | Reached skill level 9 in Fire Magic
 10418 | D:8      | Reached skill level 10 in Fire Magic
 10704 | D:8      | Noticed Psyche
 10705 | D:8      | HP: 3/62 [poisoned by a kobold brigand (curare-tipped
                  | dart)]
 10867 | D:8      | Killed Psyche
 11109 | D:7      | Gained mutation: You are agile. (Dex +4, Str/Int -1)
                  | [potion of mutation]
 11109 | D:7      | Gained mutation: Your mind is acute. (Int +4, Str/Dex -1)
                  | [potion of mutation]
 11109 | D:7      | Gained mutation: Your flesh is cold resistant. (rC+)
                  | [potion of mutation]
 11122 | D:8      | Identified the +8 falchion of Doubt {vamp, rF+ Will+ Dex-2
                  | SInv}
 11391 | D:8      | Killed Maurice
 11392 | D:8      | Reached skill level 11 in Fire Magic
 11392 | D:8      | Reached XP level 10. HP: 60/69 MP: 10/21
 11637 | D:8      | Reached skill level 1 in Fighting
 11844 | D:8      | Found a staircase to the Lair.
 11927 | D:8      | Found Nenierelu's General Store.
 11930 | D:8      | Bought a +2 leather armour of fire resistance for 209 gold
                  | pieces
 11930 | D:8      | Bought a scroll of fear for 44 gold pieces
 12740 | D:9      | Reached skill level 5 in Fighting
 13236 | D:9      | Noticed a sixfirhy
 13240 | D:9      | Noticed a rust devil
 13243 | D:10     | Entered Level 10 of the Dungeon
 14003 | D:9      | Noticed Erica
 14030 | D:9      | Killed Erica
 14173 | D:9      | Found a staircase to the Orcish Mines.
 14609 | Lair:1   | Entered Level 1 of the Lair of Beasts
 14859 | Lair:1   | Reached XP level 11. HP: 89/89 MP: 15/22
 14996 | Lair:1   | Reached skill level 5 in Dodging
 15440 | Lair:1   | Noticed a death yak
 15440 | Lair:1   | Noticed a death yak
 15756 | Orc:1    | Entered Level 1 of the Orcish Mines
 15756 | Orc:1    | Noticed an orc warlord
 16143 | D:10     | Noticed Harold
 16144 | D:10     | Harold changed into Harold the dream sheep
 16144 | D:10     | Noticed Harold
 16151 | D:10     | Killed Harold the dream sheep
 16422 | D:10     | Learned a level 3 spell: Swiftness
 16805 | D:11     | Reached skill level 5 in Stealth
 17665 | D:12     | Noticed a boulder beetle
 18003 | D:12     | Reached skill level 12 in Fire Magic
 18191 | D:12     | Killed a boulder beetle
 18449 | D:13     | Noticed a six-headed hydra
 18455 | D:13     | Killed a six-headed hydra
 18609 | D:13     | Noticed a boulder beetle
 18619 | D:13     | Reached XP level 12. HP: 73/96 MP: 20/26
 18624 | D:13     | Killed a boulder beetle
 18765 | D:12     | Learned a level 8 spell: Ignition
 18953 | D:13     | Noticed a centaur warrior
 18962 | D:13     | Killed a centaur warrior
 19247 | D:13     | Reached skill level 13 in Fire Magic
 20307 | D:14     | Found the +1 cloak of Starlight {*Dazzle EV+4 Stlth--}
 20308 | D:14     | Noticed a centaur warrior
 20324 | D:14     | Killed a centaur warrior
 20676 | D:14     | Reached skill level 14 in Fire Magic
 22309 | Lair:2   | Noticed an eight-headed hydra
 22317 | Lair:2   | Killed an eight-headed hydra
 22445 | Lair:2   | Reached skill level 15 in Fire Magic
 23056 | Lair:3   | Found a staircase to the Shoals.
 23197 | Lair:3   | Reached XP level 13. HP: 84/102 MP: 15/29
 23391 | Lair:3   | Found a hole to the Spider Nest.
 23414 | Lair:3   | Reached skill level 10 in Spellcasting
 24536 | Lair:4   | Noticed Urug
 24551 | Lair:4   | Killed Urug
 24552 | Lair:4   | Reached skill level 1 in Evocations
 25577 | Lair:4   | Learned a level 2 spell: Passwall
 25581 | Lair:4   | Learned a level 3 spell: Stone Arrow
 25585 | Lair:4   | Learned a level 3 spell: Volatile Blastmotes
 26338 | Lair:4   | Got Cuyw's Vellum of Misty Hoarfrost
 26894 | Lair:4   | Identified 3 scrolls of acquirement
 26894 | Lair:4   | Acquired the staff of fire "Buotett" {rF+ Int+3}
 26899 | Lair:4   | Acquired a book of Fire
 26903 | Lair:4   | Acquired 839 gold pieces
 26931 | Lair:5   | Entered Level 5 of the Lair of Beasts
 26949 | Lair:5   | Reached XP level 14. HP: 110/110 MP: 27/33
 27108 | Lair:5   | Reached skill level 16 in Fire Magic
 27981 | Lair:5   | Paralysed by a hornet for 1 turns
 28537 | Lair:5   | Learned a level 5 spell: Fireball
 28827 | Lair:5   | Found a staircase to the Slime Pits.
 29082 | Slime:1  | Entered Level 1 of the Pits of Slime
 29082 | Slime:1  | Noticed an azure jelly
 29082 | Slime:1  | Noticed an azure jelly
 29083 | Slime:1  | Killed an azure jelly
 29085 | Slime:1  | Killed an azure jelly
 29187 | Slime:2  | Noticed an acid blob
 29189 | Slime:2  | Noticed a rockslime
 29192 | Slime:2  | Gained mutation: You are weak. (Str -2) [a shining eye]
 29195 | Slime:1  | Killed an acid blob
 29509 | D:9      | Killed an orc warlord
 29841 | Orc:2    | Entered Level 2 of the Orcish Mines
 29931 | Orc:2    | Found Taunid's Jewellery Shop.
 29973 | Orc:2    | Noticed Josephine
 29980 | Orc:2    | Killed Josephine
 30260 | Orc:2    | Reached skill level 10 in Dodging
 30414 | Orc:2    | Found Uveopis's Jewellery Boutique.
 30414 | Orc:2    | Found Suogrier's Jewellery Emporium.
 30504 | Orc:2    | Found a staircase to the Elven Halls.
 30775 | Orc:2    | Found Segymyfo's Magic Scroll Emporium.
 30775 | Orc:2    | Found Doateng's Book Boutique.
 30780 | Orc:2    | Bought a scroll of summoning for 133 gold pieces
 30780 | Orc:2    | Bought a scroll of magic mapping for 105 gold pieces
 30780 | Orc:2    | Bought a scroll of enchant armour for 105 gold pieces
 30780 | Orc:2    | Bought a scroll of identify for 28 gold pieces
 30955 | Orc:1    | Noticed Erolcha
 30958 | Orc:1    | Reached XP level 15. HP: 123/124 MP: 8/35
 30958 | Orc:1    | Killed Erolcha
 32310 | D:14     | Found a gate to the Vaults.
 32573 | D:15     | Entered Level 15 of the Dungeon
 32590 | D:15     | Reached skill level 1 in Shields
 32644 | D:15     | Noticed Nessos
 32650 | D:15     | Killed Nessos
 32973 | D:15     | Found Tongoyfimo's Magic Scroll Shoppe.
 32981 | D:15     | Bought a scroll of fog for 56 gold pieces
 32981 | D:15     | Bought a scroll of magic mapping for 105 gold pieces
 32983 | D:15     | Bought a scroll of teleportation for 42 gold pieces
 32983 | D:15     | Bought a scroll of teleportation for 42 gold pieces
 32983 | D:15     | Bought a scroll of blinking for 105 gold pieces
 32983 | D:15     | Bought a scroll of acquirement for 728 gold pieces
 33092 | D:15     | Acquired the staff of fire "Ityumus" {rElec rF+ SInv}
 33216 | D:15     | Found Mikomeh's Magic Scroll Boutique.
 33220 | D:15     | Bought a scroll of teleportation for 39 gold pieces
 33220 | D:15     | Bought a scroll of magic mapping for 97 gold pieces
 33220 | D:15     | Bought a scroll of immolation for 52 gold pieces
 33220 | D:15     | Bought a scroll of immolation for 52 gold pieces
 33273 | D:15     | Found a staircase to the Depths.
 33674 | D:15     | Found Riffeego's General Store.
 33685 | D:15     | Bought a scroll of teleportation for 33 gold pieces
 33685 | D:15     | Bought a scroll of teleportation for 33 gold pieces
 33685 | D:15     | Bought a potion of heal wounds for 55 gold pieces
 33685 | D:15     | Bought a book of Party Tricks for 176 gold pieces
 33746 | D:15     | Found a runed translucent gate.
 33746 | D:15     | Found a runed translucent gate.
 33746 | D:15     | Found a runed translucent gate.
 33747 | D:15     | Noticed AyAyRon's ghost (adept DsFi)
 33858 | D:15     | Reached skill level 5 in Shields
 34040 | D:15     | Killed AyAyRon's ghost
 34316 | D:15     | Acquired the +0 helmet of the Wheelwright {Int+4}
 34519 | Shoals:1 | Entered Level 1 of the Shoals
 34539 | Spider:1 | Entered Level 1 of the Spider Nest
 36107 | Spider:1 | Noticed Agnes
 36113 | Spider:1 | Killed Agnes
 36985 | Spider:2 | Noticed Arachne
 36987 | Spider:2 | Noticed Mlioglotl
 37056 | Spider:1 | Killed Mlioglotl
 37302 | Spider:2 | Noticed Frances
 37305 | Spider:2 | Killed Frances
 37307 | Spider:2 | Reached XP level 16. HP: 132/132 MP: 13/38
 37712 | Spider:2 | Killed Arachne
 38812 | Spider:3 | Found the +12 pair of quick blades "Gyre" and "Gimble"
                  | {protect}
 38819 | Spider:3 | Identified the ring "Mokunuih" {rC+ rCorr}
 38854 | Spider:3 | Identified the +5 hand axe of Extermination {speed, Will+
                  | Int+4 Dex+3 Stlth-}
 39586 | Spider:4 | Entered Level 4 of the Spider Nest
 40444 | Spider:4 | Noticed Asterion
 40449 | Spider:4 | Killed Asterion
 40915 | Spider:3 | HP: 4/132 [ghost moth (8)]
 41818 | Spider:4 | Found a transporter.
 41821 | Spider:4 | Noticed Dazed's ghost (adept MiBe)
 41838 | Spider:4 | Found a transporter.
 42168 | Spider:4 | Learned a level 6 spell: Plasma Beam
 42289 | Spider:4 | Got a gossamer rune of Zot
 42829 | D:15     | Bought the ring "Jomaytz" {Fire Int+5 Slay+5 SInv} for 744
                  | gold pieces
 42829 | D:15     | Bought a scroll of fear for 44 gold pieces
 43101 | Shoals:1 | Reached skill level 5 in Evocations
 43302 | Shoals:1 | Reached skill level 10 in Fighting
 43510 | Shoals:1 | Noticed Kirke
 43510 | Shoals:1 | Killed Kirke
 43885 | Shoals:2 | Reached XP level 17. HP: 114/144 MP: 10/40
 44735 | Shoals:2 | Found Sutouxki's Armour Shoppe.
 44740 | Shoals:2 | Identified the +1 dire flail "Resaesergh" {venom, rN+}
 44751 | Shoals:2 | Bought a scarf of repulsion for 180 gold pieces
 46182 | Shoals:4 | Entered Level 4 of the Shoals
 46493 | Shoals:4 | Paralysed by an air elemental for 1 turns
 46587 | Shoals:4 | Identified the +2 great mace of the Brain {drain, rElec}
 46589 | Shoals:4 | Noticed a titan
 46593 | Shoals:4 | Killed a titan
 46756 | Shoals:4 | Got the Grimoire of Green Necromancy
 46758 | Shoals:4 | Got a barnacled rune of Zot
 46777 | Shoals:4 | Identified the staff of earth "Naluej" {Int+6}
 46778 | Shoals:4 | Identified the +11 shortbow of Bafe {flame, SInv}
 47706 | Vaults:1 | Entered Level 1 of the Vaults
 47804 | Vaults:1 | Found a magical portal.
 47821 | WizLab   | Entered Zonguldrok's Shrine
 48122 | WizLab   | Reached skill level 15 in Fighting
 48525 | WizLab   | Noticed an antique lich
 48528 | WizLab   | Killed an antique lich
 48553 | WizLab   | Found the +9 sword of Zonguldrok {reap}
 48607 | WizLab   | Learned a level 3 spell: Frozen Ramparts
 48648 | Vaults:1 | Reached XP level 18. HP: 138/166 MP: 6/41
 49443 | Vaults:1 | Found Quipnytt's Antique Weapon Boutique.
 49504 | Vaults:1 | Identified the staff of cold "Aqoucwun" {rC+ rN+ Will+
                  | Int+4}
 49617 | Vaults:1 | Reached skill level 17 in Fire Magic
 50352 | Vaults:2 | Identified the +1 arbalest of Scorn {heavy, rElec Dex+5}
 51370 | Vaults:3 | Reached skill level 18 in Fire Magic
 52005 | Vaults:3 | Reached XP level 19. HP: 172/174 MP: 43/43
 52214 | Vaults:3 | You fall into a shaft and drop 1 floor!
 52652 | Vaults:3 | Reached skill level 15 in Spellcasting
 53067 | Vaults:3 | Found a staircase to the Crypt.
 53140 | Vaults:4 | Reached skill level 19 in Fire Magic
 53356 | Vaults:4 | Found a gateway to a bazaar.
 53372 | Bazaar   | Entered a bazaar
 53434 | Bazaar   | Found Etren's Book Boutique.
 53442 | Bazaar   | Found Ataeboz's Antique Armour Boutique.
 53450 | Bazaar   | Bought an encrusted scarf for 220 gold pieces
 53450 | Bazaar   | Identified the scarf of Koxiuges {rC+ rF+, -Cast rElec
                  | Regen+} (You bought it in a shop in a bazaar)
 53455 | Bazaar   | Found Woakubuid's General Store.
 53466 | Bazaar   | Found Isuetitu's Distillery.
 53474 | Bazaar   | Bought a potion of brilliance for 40 gold pieces
 53474 | Bazaar   | Bought a potion of heal wounds for 50 gold pieces
 53474 | Bazaar   | Bought a potion of curing for 30 gold pieces
 53474 | Bazaar   | Bought a potion of curing for 30 gold pieces
 53474 | Bazaar   | Bought a potion of haste for 100 gold pieces
 53474 | Bazaar   | Bought a potion of invisibility for 80 gold pieces
 53474 | Bazaar   | Found Dameejut's Antique Weapon Shop.
 54409 | Vaults:5 | Entered Level 5 of the Vaults
 54409 | Vaults:5 | Noticed Margery
 54413 | Vaults:5 | Noticed a golden dragon
 54748 | Vaults:4 | Killed Margery
 54824 | Vaults:5 | Killed a golden dragon
 54825 | Vaults:5 | Reached skill level 20 in Fire Magic
 55627 | Slime:2  | Gained mutation: You are very weak. (Str -4) [a shining
                  | eye]
 55912 | Slime:2  | Reached XP level 20. HP: 179/182 MP: 38/45
 55978 | Slime:3  | Noticed Dissolution
 55980 | Slime:3  | Killed Dissolution
 56332 | Slime:4  | Gained mutation: Potions are less effective at restoring
                  | your health. [a shining eye]
 56399 | Slime:5  | Entered Level 5 of the Pits of Slime
 56700 | Slime:5  | Noticed the Royal Jelly
 56825 | Slime:5  | Killed the Royal Jelly
 57209 | Slime:5  | Got Sif Muna's Encyclopedia of Ashes and Beguiling
 57210 | Slime:5  | Identified the +3 scale mail of Jibytaem {Harm rF- Slay+4}
 57247 | Slime:5  | Identified the ring of Huezevemp {rN+ rCorr Str+3 Int+3
                  | Dex-2}
 57274 | Slime:5  | Got a slimy rune of Zot
 58036 | Elf:1    | Entered Level 1 of the Elven Halls
 58134 | Elf:1    | Got the Grimoire of Impulse
 58827 | Elf:1    | Found Ederukha's Weapon Boutique.
 58937 | Elf:1    | Learned a level 6 spell: Starburst
 59477 | Elf:2    | Found a flickering gateway to a bazaar.
 59482 | Bazaar   | Entered a bazaar
 59496 | Bazaar   | Found Jeux's General Store.
 59496 | Bazaar   | Found Maissee's Antique Weapon Emporium.
 59518 | Bazaar   | Found Jeaprop's Magic Scroll Shoppe.
 59518 | Bazaar   | Found Lummal's Weapon Emporium.
 59540 | Bazaar   | Found Yvuevyg's Antique Weapon Shoppe.
 59540 | Bazaar   | Found Pelif's Antique Armour Emporium.
 59545 | Bazaar   | Bought the +3 hat of Pondering {ponderous, Will+ MP+10
                  | Int+5} for 762 gold pieces
 59545 | Bazaar   | Found the +3 hat of Pondering {ponderous, Will+ MP+10
                  | Int+5}
 59560 | Bazaar   | Lost mutation: You are very weak. (Str -4) [potion of
                  | mutation]
 59560 | Bazaar   | Lost mutation: Your flesh is cold resistant. (rC+) [potion
                  | of mutation]
 59560 | Bazaar   | Lost mutation: You are weak. (Str -2) [potion of mutation]
 59560 | Bazaar   | Gained mutation: You possess an exceptional clarity of
                  | mind. [potion of mutation]
 59625 | Bazaar   | Bought a scroll of teleportation for 36 gold pieces
 59625 | Bazaar   | Bought a scroll of teleportation for 36 gold pieces
 59755 | Elf:2    | Reached skill level 15 in Dodging
 59853 | Elf:2    | Found a runed translucent gate.
 59854 | Elf:2    | Found a runed translucent gate.
 59854 | Elf:2    | Found a runed translucent gate.
 59948 | Elf:2    | Identified the +11 morningstar "Runkoymu" {freeze, MP+9}
 59975 | Elf:2    | Identified the +10 flail "Beetle's Demise" {protect, rC+
                  | Str+3 Dex+2}
 60519 | Elf:3    | Entered Level 3 of the Elven Halls
 60554 | Elf:3    | Noticed Aizul
 60557 | Elf:3    | Killed Aizul
 60570 | Elf:3    | Found a frozen archway.
 60580 | IceCv    | Entered an ice cave
 61272 | IceCv    | Identified the +1 ice dragon scales of Xohos {rF- rC++
                  | Will- Int+8 SInv}
 61273 | IceCv    | Identified the +2 robe "Ygior" {rElec rF+ Int+4 Dex-2}
 61286 | IceCv    | Got the ring "Secen" {Ice rElec rN+ MP+9 Int-2 Dex+2}
 61587 | Elf:3    | Found Qyrchidd's Jewellery Emporium.
 61799 | Elf:3    | Reached XP level 21. HP: 185/189 MP: 48/48
 62272 | Elf:3    | Identified the ring of Tuemn {rF+ Str+2 Int+6}
 62420 | Elf:3    | Identified the +11 longbow of Dust {heavy, rF+ Will+ Dex+2}
 62477 | Elf:3    | Identified the +3 falchion "Turoz" {holy, Int+2 Dex+5}
 62486 | Elf:3    | Got the Monograph on Embers and Abominable Rites
 62489 | Elf:3    | Identified the +10 shortbow of Reog {elec, rF+ Str+4}
 62491 | Elf:3    | Identified the +0 pair of boots of the Dolphin {-Tele rC-
                  | Str+4 Dex+2}
 62796 | Depths:1 | Entered Level 1 of the Depths
 63177 | Depths:1 | Gained mutation: Your body sometimes deteriorates upon
                  | taking damage. [a shining eye]
 63617 | Vaults:5 | Reached skill level 10 in Stealth
 63619 | Vaults:5 | Killed from afar by a quicksilver dragon

Illustrated notes

Levels and vault maps discovered:
D:1:      dpeg_arrival_oval, layout_basic,
          hellmonk_ecumenical_altar_arch_garden, hangedman_decor_clover_reticule
D:2:      layout_basic, basic_altar, nicolae_concentric_dashed_squares_wild,
          chequers_jeans
D:3:      layout_basic, ashenzari_altar_1, lemuel_tele_altar,
          cheibrodos_sewer_entry_bend, uniq_robin
D:4:      wad_lake_hut, layout_loops_ring
D:5:      layout_basic, lemuel_round_altar, cheibrodos_gnoll_hut, uniq_duvessa
D:6:      layout_layer_cave
D:7:      layout_layer_cave, minmay_temple_entry_purple_smoke, uniq_menkaure,
          uniq_prince_ribbit1
D:8:      layout_cave_pools, minmay_lair_entry_grove, serial_shops,
          nicolae_shop_real_fake_doors, uniq_psyche, uniq_maurice
D:9:      layout_gridville, minitemple, orc_0_dummy, nicolae_titane, uniq_erica
D:10:     layout_cave_pools, uniq_harold
D:11:     layout_roguey
D:12:     layout_rooms
D:13:     layout_roguey [special_room_bee]
D:14:     layout_loops_ring, david_vaults_1, nicolae_twisting_strands,
          chequers_decorated_corner, nicolae_gozag_conspicuous_consumption
D:15:     hangedman_depths_entry_try_elsewhere_first, layout_gridville,
          gammafunk_ghost_necromancy, nicolae_concentric_dashed_squares_mild,
          serial_shops, shop_fountains, shop, shop_fountains,
          hangedman_abyss_or_decor_stagger, uniq_nessos
Lair:1:   layout_layer_cave, infiniplex_staircase_pool, grunt_megastairs_3
Lair:2:   layout_misc_corridors, chequers_serial_rivers_micro_b
Lair:3:   layout_roguey, nicolae_shoals_entry_roost,
          nicolae_spider_entry_non_spiders, serial_forest,
          infiniplex_forest_clump_large, infiniplex_forest_lined_corner,
          infiniplex_forest_clump_small, infiniplex_forest_clump_small,
          infiniplex_forest_clump_tiny, infiniplex_staircase_pool_2
Lair:4:   nzn_winding_woodlands_large [nzn_winding_woodlands_5x5_default,
          nzn_winding_woodlands_5x15_longhouse, nzn_winding_woodlands_5x5_cross,
          nzn_winding_woodlands_center_pierced_h,
          nzn_winding_woodlands_15x15_eel_pit,
          nzn_winding_woodlands_center_triple_pond,
          nzn_winding_woodlands_5x5_three, nzn_winding_woodlands_5x15_twine,
          nzn_winding_woodlands_5x5_checkerboard], layout_small_grid,
          pdpol_lair_cavern_descent, uniq_urug
Lair:5:   minmay_lair_end_enchanted_forest, layout_regular_city,
          dpeg_slime_entry_enclosed, nzn_masters_of_martial_movement
Shoals:1: layout_shoals, nicolae_shoals_water_booths, uniq_kirke
Shoals:2: nzn_motion_control, layout_shoals, serial_shops, shop
Shoals:3: layout_shoals, nicolae_shoals_circle_sea_wall,
          nicolae_shoals_drake_roost
Shoals:4: shoals_end_hellmonk_storm_palace [storm_palace_center_ruins,
          storm_palace_corner_narrow, storm_palace_corner_grid,
          storm_palace_corner_reverse_hut, storm_palace_corner_grid]
Spider:1: layout_spider_delve, uniq_agnes
Spider:2: layout_spider_delve, uniq_frances, uniq_mlioglotl, uniq_arachne
Spider:3: layout_spider_delve
Spider:4: johnstein_spider_rune_arachne_lair, gammafunk_ghost_mausoleum,
          drop_trap, uniq_asterion
Slime:1:  layout_caves
Slime:2:  layout_caves, basic_altar
Slime:3:  layout_caves, dissolution_awaits
Slime:4:  layout_caves
Slime:5
Orc:1:    layout_caves, uniq_erolcha
Orc:2:    st_orc_town, layout_diamond_mine, serial_shops, shop, uniq_josephine
Elf:1:    eino_elf_arrival_sip, layout_geoelf_octagon, basic_altar,
          serial_shops, nicolae_shop_tiny_statue_garden,
          minmay_elf_annihilation, grunt_megastairs_1
Elf:2:    nicolae_elf_blades_crystal_corner, layout_gridlike, serial_shops,
          bzr_entry_road, basic_altar, hex_tiny, grunt_ministairs_13,
          nicolae_elf_w_pinch, uniq_donald
Elf:3:    minmay_elf_hall_dome, layout_loops_cross, serial_shops,
          nicolae_shop_pleasant_corner_grove, portal_ice_cave_entry_pillars_2,
          minivault_16, uniq_aizul
Vaults:1: infiniplex_enter_wizlab_glasses,
          vaults_standard_mumra_enter_the_diamond, v_misc_12,
          nicolae_vaults_tetromino_Z_1, hangedman_vaults_stagger,
          nicolae_vaults_ring_of_whatevers, vaults_room_grid,
          nicolae_vaults_two_Ls, nicolae_vaults_little_squares_3,
          v_alt_pattern_6, nicolae_vaults_circle_grid_b, layout_vaults_big_room,
          serial_shops, shop
Vaults:2: nicolae_vaults_yaktaur_gun_rack, v_misc_3,
          nicolae_vaults_storage_room_glass, v_misc_15, vaults_room_large_hall,
          nicolae_vaults_trapezoid_2, nicolae_vaults_rhombus_7,
          layout_vaults_omnicross
Vaults:3: nicolae_vaults_arrows, nicolae_vaults_double_plus_2,
          grunt_vaults_twisty, minmay_crypt_entry_simple_plaza,
          ontoclasm_vaults_eye, vaults_room_fours, layout_vaults_omnigrid
Vaults:4: nicolae_vaults_minivaults, serial_ice_g, hangedman_vaults_cutoff,
          nicolae_vaults_house_3, nicolae_vaults_disjoint_gnomons,
          vaults_room_stairs_pillars, hangedman_vaults_cutoff,
          nicolae_vaults_two_Ls, grunt_vaults_bifocal,
          nicolae_vaults_tetromino_Z_2, layout_vaults_ring, serial_shops,
          statue_bzr
Vaults:5: uniq_sojobo, uniq_margery
Depths:1: layout_long_grid, cheibriados_altar_2,
          nicolae_hell_entry_hellmouth_sunbeams, kb_rosetta, uniq_mara

Skill      XL: |  1  2  3  4  5  6  7  8  9 10 11 12 13 14 15 16 17 18 19 20 21 |
---------------+----------------------------------------------------------------+-----
Conjurations   | 1 2 3 4 5 7 8 |  8.8
Fire Magic     | 3 4 5 6 7 8 11 12 15 16 18 20 | 20.2
Spellcasting   | 3 5 6 8 11 13 14 15 17 | 17.5
Fighting       | 6 9 11 15 16 | 16.6
Dodging        | 4 6 10 12 17 18 | 18.7
Stealth        | 5 6 9 10 | 10.0
Evocations     | 3 5 |  5.1
Shields        | 5 |  5.0

Action                     |  1- 3 |  4- 6 |  7- 9 | 10-12 | 13-15 | 16-18 | 19-21 || total
---------------------------+-------+-------+-------+-------+-------+-------+-------++-------
  Melee: Dagger            |    10 |    26 |    10 |       |       |       |       ||    46
         Trident           |       |       |     6 |     1 |       |       |       ||     7
         Morningstar       |       |       |       |    78 |    39 |       |       ||   117
         Falchion          |       |       |       |     4 |       |       |       ||     4
         Punch             |       |       |       |     1 |     1 |       |       ||     2
         Staff             |       |       |       |       |    68 |    75 |    30 ||   173
   Cast: Foxfire           |    70 |    54 |   101 |   133 |   132 |     4 |       ||   494
         Scorch            |    16 |    40 |    80 |   132 |   241 |    52 |    10 ||   571
         Flame Wave        |       |     3 |    12 |    24 |    30 |    20 |     2 ||    91
         Sticky Flame      |       |       |    16 |    76 |   142 |    66 |    17 ||   317
         Ignition          |       |       |       |     5 |    87 |   138 |   127 ||   357
         Stone Arrow       |       |       |       |       |    21 |     1 |    53 ||    75
         Volatile Blastmot |       |       |       |       |     5 |       |       ||     5
         Inner Flame       |       |       |       |       |     1 |       |       ||     1
         Fireball          |       |       |       |       |    53 |   186 |     5 ||   244
         Plasma Beam       |       |       |       |       |       |    78 |   204 ||   282
         Frozen Ramparts   |       |       |       |       |       |     1 |     3 ||     4
         Starburst         |       |       |       |       |       |       |     6 ||     6
  Evoke: Wand              |       |       |     4 |     2 |     3 |       |       ||     9
         Phial of floods   |       |       |       |       |       |     1 |       ||     1
         Phantom mirror    |       |       |       |       |       |       |     1 ||     1
    Use: Scroll            |     3 |     2 |     8 |    12 |    14 |     9 |    15 ||    63
         Potion            |       |     2 |     5 |     5 |     6 |     2 |    10 ||    30
   Stab: Sleeping          |       |       |       |     2 |       |     1 |       ||     3
         Distracted        |       |       |       |       |     1 |     1 |       ||     2
 Armour: Robe              |     3 |    10 |    23 |    35 |   188 |    60 |    29 ||   348
         Leather armour    |       |       |       |    93 |       |       |       ||    93
         Skin              |       |       |       |     6 |       |       |       ||     6
  Dodge: Dodged            |    14 |    50 |    61 |   236 |   444 |   221 |   151 ||  1177
         Repelled          |       |       |       |       |       |     1 |     5 ||     6
  Block: Buckler           |       |       |       |       |    39 |    82 |    49 ||   170
